 Dungeon Crawl Stone Soup version 0.31.0-11-ge490571c62 (webtiles) character file.

Game seed: 17019004190262165820

396 qw the Skirmisher (level 6, -8/30 (35) HPs)
             Began as a Deep Elf Hunter on Feb 4, 2024.
             Mangled by a wight
             ... wielding a +3 dire flail
              (10 damage)
             ... on level 5 of the Dungeon.
             The game lasted 00:00:14 (3126 turns).

qw the Skirmisher (Deep Elf Hunter)                 Turns: 3126, Time: 00:00:15

HP:   -8/30 (35)    AC: 14    Str: 10    XL:     6   Next: 52%
MP:   8/8           EV:  9    Int: 14    God:
Gold: 196           SH:  0    Dex: 18    Spells: 5/5 levels left

rFire   . . .        a - +0 shortbow
rCold   . . .        (shield currently unavailable)
rNeg    . . .        n - +2 scale mail {rPois}
rPois   +            j - +1 helmet
rElec   .            (no cloak)
rCorr   .            (no gloves)
SInv    .            (no boots)
Will    .....        d - amulet of the acrobat
Stlth   +            q - +4 ring of protection
HPRegen 0.25/turn    (no ring)
MPRegen 0.11/turn

%: acrobat
@: heavily drained
A: no striking features
a: no special abilities


You were on level 5 of the Dungeon.
You visited 1 branch of the dungeon, and saw 5 of its levels.

You collected 196 gold pieces.


   Skills:
 + Level 1.9 Fighting
 - Level 9.5 Ranged Weapons
 - Level 2.0 Armour
 - Level 2.4 Dodging
 - Level 1.2 Stealth


You had 5 spell levels left.
You didn't know any spells.
Your spell library was empty.

Inventory:

Hand Weapons
 a - a +0 shortbow (weapon)
Armour
 i - a +3 ring mail
 j - a +1 helmet (worn)
 n - a +2 scale mail of poison resistance (worn)
Jewellery
 d - an amulet of the acrobat (around neck)
 q - a +4 ring of protection (left hand)
Wands
 c - a wand of polymorph (17)
Scrolls
 e - 2 scrolls of identify
 f - a scroll of torment {unknown}
Potions
 b - a potion of enlightenment
 h - a potion of lignification {unknown}
 l - a potion of brilliance {unknown}
 m - a potion of might {unknown}

Dungeon Overview and Level Annotations

Branches:
Dungeon (5/15)
 Temple: D:4-7

Altars:
Cheibriados
Ru
Sif Muna
Vehumet
Xom
Zin
The Shining One

Annotations:
D:4 1 runed translucent door, 2 transporters, Crazy Yiuf; qw's ghost, amateur DEHu


Message History

You see here a staff of cold.
Found a stone staircase leading down.
You now have 196 gold pieces (gained 10).
Found a flail.
There is a stone staircase leading down here.
f - a scroll labelled RACOOS GIUWI You hear the rusting of a distant drain. 3 wights come into view.
A wight is wielding a +2 halberd of freezing.
The wight moves out of view.
You shoot an arrow. The arrow barely misses the wight.
Enter note: You shoot an arrow.
The arrow barely misses the wight.
You shoot an arrow.
The arrow hits the wight but does no damage.
The wight barely misses you.
The wight hits you with a +3 dire flail!
You shoot an arrow.
The arrow hits the wight but does no damage.
The wight hits you with a +2 short sword.
You feel drained.
The wight hits you with a +3 dire flail.
You feel drained.
You shoot an arrow. The arrow hits the wight.
The wight is moderately damaged.
The wight hits you from afar with a +2 halberd of freezing.
You feel drained. The wight freezes you. The wight barely misses you.
The wight closely misses you.
You shoot an arrow. The arrow closely misses the wight.
The wight hits you from afar with a +2 halberd of freezing.
The wight freezes you. The wight hits you but does no damage.
The wight closely misses you.
You shoot an arrow.
The arrow hits the wight but does no damage.
The wight is moderately damaged.
The wight hits you but does no damage. x2
The wight hits you with a +3 dire flail.
You feel drained. The wight closely misses you.
The wight hits you with a +3 dire flail!
You die...

#.# #.# #.# #.# ###
#.# #.. ########.#
#.# #........####
#.# #z@.......# #.#
#z####.##.###.#####
#z #.##..........
#. #.###.##.#.##.
#. #.........#.#.
#. #####.##.###..
.. #.###)#.#. ##
#.####....
#.........


You could see 3 wights.

Vanquished Creatures
  An ice beast (D:5)
  A phantom (D:4)
  A bombardier beetle (D:4)
  A hound (D:4)
  Jessica (D:3)
  3 gnolls (D:5)
  4 adders
  2 ufetubi (D:5)
  A dart slug (D:1)
  2 ribbon worms
  An orc (D:4)
  3 ball pythons
  11 endoplasms
  4 giant cockroaches
  4 hobgoblins
  3 jackals (D:1)
  2 quokkas
  3 bats
  3 frilled lizards
  4 goblins
  7 kobolds
  5 rats
67 creatures vanquished.

Notes
Turn   | Place    | Note
-------+----------+-------------------------------------------
     0 | D:1      | qw the Deep Elf Hunter began the quest for the Orb.
     0 | D:1      | Reached XP level 1. HP: 12/12 MP: 3/3
     0 | D:1      | 0 ||| qw: Version: 0.3-a-160-g6735b56
     0 | D:1      | 0 ||| qw: Game counter: 4821
     0 | D:1      | 0 ||| qw: Melee chars always use a shield: true
     0 | D:1      | 0 ||| qw: God list: Okawaru
     0 | D:1      | 0 ||| qw: Allow faded altars: false
     0 | D:1      | 0 ||| qw: Do Orc after clearing Dungeon:15 true
     0 | D:1      | 0 ||| qw: Do second Lair branch before Depths: true
     0 | D:1      | 0 ||| qw: Lair rune preference: random
     0 | D:1      | 0 ||| qw: Goals: Normal
     0 | D:1      | 0 ||| PLANNING D:1-11
   120 | D:1      | Reached skill level 6 in Ranged Weapons
   120 | D:1      | Reached XP level 2. HP: 7/16 MP: 4/4
   617 | D:1      | 617 ||| UPGRADING to +0 ring mail.
   627 | D:1      | 627 ||| DROPPING +0 leather armour.
   628 | D:1      | 628 ||| DROPPING ring of wizardry.
   629 | D:1      | 629 ||| READING 2 scrolls labelled HAEDUSS TESKA.
   629 | D:1      | 629 ||| ENCHANTING +0 ring mail.
   630 | D:1      | 630 ||| READING scroll of enchant armour.
   630 | D:1      | 630 ||| ENCHANTING +1 ring mail.
   631 | D:1      | 631 ||| READING scroll labelled ZIOCKO QAUL.
   632 | D:1      | 632 ||| DROPPING scroll of butterflies.
   693 | D:2      | Reached XP level 3. HP: 20/20 MP: 5/5
   977 | D:2      | Found a shimmering altar of Xom.
  1093 | D:2      | Reached skill level 7 in Ranged Weapons
  1377 | D:2      | Found a faded altar of an unknown god.
  1503 | D:2      | 1503 ||| READING scroll labelled ZANTUCWEMA.
  1504 | D:2      | 1504 ||| READING 2 scrolls labelled YCOREG XUOHO.
  1504 | D:2      | 1504 ||| IDENTIFYING grey potion
  1505 | D:2      | 1505 ||| READING scroll of identify.
  1505 | D:2      | 1505 ||| IDENTIFYING black potion
  1506 | D:2      | 1506 ||| DROPPING potion of invisibility.
  1619 | D:3      | Noticed Jessica
  1624 | D:3      | Killed Jessica
  1625 | D:3      | Reached XP level 4. HP: 25/25 MP: 6/6
  1862 | D:3      | Found a glowing silver altar of Zin.
  1898 | D:3      | 1898 ||| READING scroll of enchant armour.
  1898 | D:3      | 1898 ||| ENCHANTING +2 ring mail.
  2182 | D:3      | Found a snail-covered altar of Cheibriados.
  2219 | D:3      | 2219 ||| UPGRADING to +0 helmet.
  2224 | D:3      | 2224 ||| UPGRADING to amulet of the acrobat.
  2229 | D:3      | 2229 ||| READING 2 scrolls of identify.
  2229 | D:3      | 2229 ||| IDENTIFYING bubbling golden potion
  2230 | D:3      | 2230 ||| READING scroll of identify.
  2230 | D:3      | 2230 ||| IDENTIFYING silvery potion
  2231 | D:3      | 2231 ||| READING scroll labelled ONAQAE REYKUCALAF.
  2232 | D:3      | 2232 ||| READING scroll labelled WIESMATZESCH.
  2233 | D:3      | 2233 ||| DRINKING 2 murky black potions.
  2234 | D:3      | 2234 ||| DROPPING potion of attraction.
  2235 | D:3      | 2235 ||| DROPPING potion of berserk rage.
  2236 | D:3      | 2236 ||| DROPPING potion of degeneration.
  2300 | D:4      | Found a radiant altar of Vehumet.
  2334 | D:4      | Reached skill level 8 in Ranged Weapons
  2354 | D:4      | Found a runed translucent door.
  2355 | D:4      | Noticed Crazy Yiuf
  2382 | D:4      | Found a sacrificial altar of Ru.
  2413 | D:4      | Reached XP level 5. HP: 24/29 MP: 7/7
  2451 | D:4      | 2451 ||| READING scroll of enchant armour.
  2451 | D:4      | 2451 ||| ENCHANTING +0 helmet.
  2502 | D:4      | Found a transporter.
  2507 | D:4      | Noticed qw's ghost (amateur DEHu)
  2508 | D:4      | Found a transporter.
  2510 | D:4      | Identified the +5 giant spiked club of a ziggurat {protect,
                  | rC+}
  2510 | D:4      | Noticed an ogre
  2630 | D:4      | Noticed a phantom
  2656 | D:4      | Killed a phantom
  2657 | D:4      | Reached skill level 9 in Ranged Weapons
  2750 | D:4      | Found a glowing golden altar of the Shining One.
  2752 | D:4      | Found a shimmering altar of Xom.
  2774 | D:4      | Found a shimmering blue altar of Sif Muna.
  2875 | D:4      | 2875 ||| UPGRADING to +2 scale mail of poison resistance.
  2885 | D:4      | 2885 ||| DROPPING ring of magical power.
  2886 | D:4      | 2886 ||| UPGRADING to +4 ring of protection.
  2887 | D:4      | 2887 ||| READING scroll of identify.
  2887 | D:4      | 2887 ||| IDENTIFYING purple potion
  2888 | D:4      | 2888 ||| READING scroll labelled KOFFIAG SUICS.
  2889 | D:4      | 2889 ||| READING scroll labelled VUAGEA CEVAL.
  2890 | D:4      | 2890 ||| READING scroll labelled XUPSAR JACOOMA.
  2908 | D:5      | Entered Level 5 of the Dungeon
  2909 | D:5      | 2909 ||| PLANNING SEWER
  2952 | D:5      | Noticed an ice beast
  2953 | D:5      | 2953 ||| RETREEEEATING.
  2958 | D:5      | 2958 ||| RETREEEEATING.
  2959 | D:5      | 2959 ||| RETREEEEATING.
  2960 | D:5      | 2960 ||| RETREEEEATING.
  2965 | D:5      | Reached XP level 6. HP: 34/34 MP: 8/8
  2975 | D:5      | HP: 8/34 [ice beast (9)]
  2976 | D:5      | 2976 ||| DRINKING potion of heal wounds.
  2981 | D:5      | Killed an ice beast
  3125 | D:5      | HP: 6/31 [wight/+2 halberd of freezing (2)]
  3126 | D:5      | HP: 2/30 [wight/+3 dire flail (1)]
  3126 | D:5      | Mangled by a wight

Levels and vault maps discovered:
D:1:      dpeg_arrival_round_b, layout_basic, serial_bayou_lagoon_a,
          minmay_misc_feat_tiny
D:2:      layout_loops_corners, chequers_ecumenical_altar_grove, basic_altar
D:3:      layout_loops_ring, mainiacjoe_overflow_alcove_4, zin_academy,
          grunt_decor_fettered, uniq_jessica
D:4:      layout_basic, amcnicky_altar_gilded, nicolae_vehumet_radiance,
          nicolae_overflow_hidden_temple, gammafunk_ghost_smash,
          uniq_crazy_yiuf_cottage
D:5:      layout_loops_ring, minmay_temple_entry_tees, serial_shops,
          nicolae_shop_tiny_real_fake_doors,
          mainiacjoe_sewer_entry_somewhere_in_here_1,
          pf_guarded_unrand_woodcutter

Skill      XL: |  1  2  3  4  5  6 |
---------------+-------------------+-----
Ranged Weapons | 6 7 8 9 |  9.5
Armour         | 2 |  2.0
Fighting       | |  1.9
Dodging        | |  2.4
Stealth        | |  1.2

Action                     |  1- 3 |  4- 6 || total
---------------------------+-------+-------++-------
   Fire: Shortbow          |    93 |   150 ||   243
    Use: Scroll            |     6 |    10 ||    16
         Potion            |       |     2 ||     2
 Armour: Leather armour    |     8 |       ||     8
         Ring mail         |     5 |    26 ||    31
         Scale mail        |       |    54 ||    54
  Dodge: Dodged            |    15 |    74 ||    89

Table legend:
 A = Non-vault XP
 B = Vault XP
 C = Vault XP percentage of total XP
 D = Non-vault monster count
 E = Vault monster count
 F = Vault count percentage of total count
                 A         B        C        D         E       F
            +---------+---------+-------+---------+---------+-------
      Total |     530 |      37 |   6.5 |      66 |       1 |   1.5
            +---------+---------+-------+---------+---------+-------
        D:1 |      39 |       0 |   0.0 |      24 |       0 |   0.0
        D:2 |      29 |       0 |   0.0 |      10 |       0 |   0.0
        D:3 |      19 |      37 |  66.1 |      11 |       1 |   8.3
        D:4 |     242 |       0 |   0.0 |      14 |       0 |   0.0
        D:5 |     201 |       0 |   0.0 |       7 |       0 |   0.0
            +---------+---------+-------+---------+---------+-------
